Map: Dragon Scales LE

Players

llllllllllll - Winner!

  • Race: Protoss Protoss
  • League: Master
  • Spawn Location: 5:00

HonMonO

  • Race: Terran Terran
  • League: Master
  • Spawn Location: 11:00

VOD

Have the link to the VOD?

Description

Time

  • Played on: Sept. 26, 2023, 4:09 p.m.
  • Length: 6:59
Show
View Real Time Build Order
Export as new Build Order

llllllllllll Protoss - Winner!

Build Orders: 1 Gate Expand 

Get SALT Encoding   

  12  0:00  Probe  
  13  0:12  Probe  
  14  0:18  Pylon  
  14  0:24  Probe (Chrono Boost)  
  15  0:38  Probe (Chrono Boost)  
  15  0:39  Gateway  
  16  0:43  Probe (Chrono Boost)  
  16  0:47  Assimilator  
  17  0:52  Probe  
  18  1:04  Probe  
  19  1:16  Probe  
  20  1:26  Cybernetics Core  
  20  1:27  Zealot  
  22  1:38  Nexus  
  22  1:45  Pylon  
  22  1:49  Probe  
  23  2:00  Adept (Chrono Boost)  
  23  2:03  Probe, Warp Gate  
  26  2:10  Assimilator  
  26  2:15  Probe  
  26  2:21  Adept (Chrono Boost)  
  26  2:27  Probe  
  29  2:39  Probe  
  30  2:47  Twilight Council  
  30  2:50  Adept  
  32  2:56  Probe  
  32  2:58  Probe  
  32  3:08  Probe  
  32  3:10  Probe  
  32  3:11  Robotics Facility  
  34  3:16  Forge  
  34  3:19  Gateway  
  34  3:20  Probe  
  34  3:25  Probe  
  34  3:26  Resonating Glaives (Chrono Boost)  
  36  3:32  Probe  
  37  3:37  Gateway  
  37  3:38  Probe  
  38  3:45  Probe  
  39  3:50  Probe  
  39  3:54  Protoss Ground Weapons Level 1 (Chrono Boost), Adept  
  42  3:57  Probe, Pylon  
  43  4:05  Gateway  
  43  4:11  Warp Prism  
  43  4:12  Gateway  
  43  4:13  Gateway  
  43  4:23  Probe  
  46  4:27  Adept  
  46  4:31  Adept  
  50  4:33  Probe  
  50  4:37  Pylon  
  51  4:39  Adept  
  51  4:44  Shield Battery  
  53  4:51  Probe  
  54  4:55  Probe  
  55  5:05  Pylon  
  55  5:07  Adept x3  
  59  5:11  Pylon  
  61  5:16  Assimilator  
  61  5:20  Pylon  
  61  5:23  Adept x3  
  67  5:28  Adept  
  67  5:29  Adept x2  
  67  5:31  Probe x2  
  75  5:36  Pylon  
  75  5:43  Pylon  
  73  5:56  Adept  
  73  5:57  Adept x4  
  67  6:05  Probe  
  66  6:16  Adept  
  66  6:17  Adept x5  
  62  6:44  Nexus, Adept  
  62  6:45  Pylon, Adept x2  
  66  6:51  Adept x2  
Show
View Real Time Build Order
Export as new Build Order

HonMonO Terran 

Build Orders: Reaper Expand 

Get SALT Encoding   

  12  0:00  SCV  
  13  0:12  SCV  
  14  0:16  Supply Depot  
  14  0:24  SCV  
  15  0:38  SCV  
  15  0:40  Barracks  
  16  0:43  Refinery  
  16  0:50  SCV  
  17  1:02  SCV  
  18  1:14  SCV  
  19  1:29  Reaper, Orbital Command  
  20  1:39  Command Center  
  20  1:52  Supply Depot  
  20  1:55  SCV  
  20  2:01  Marine  
  22  2:07  SCV  
  23  2:10  Factory  
  23  2:15  Refinery  
  23  2:19  SCV  
  23  2:21  Bunker, Marine  
  25  2:31  SCV  
  26  2:41  Marine  
  26  2:43  SCV  
  26  2:55  Widow Mine, SCV  
  26  3:06  Orbital Command  
  27  3:12  SCV  
  27  3:14  Barracks Reactor, Orbital Command  
  27  3:17  Starport  
  27  3:22  Factory Tech Lab  
  27  3:27  SCV  
  28  3:41  Siege Tank  
  31  3:43  SCV  
  31  3:44  SCV  
  33  3:48  Supply Depot  
  33  3:52  Marine  
  33  3:53  Marine  
  33  3:55  SCV  
  35  3:56  Starport Tech Lab  
  35  3:59  Barracks  
  35  4:02  SCV  
  36  4:07  SCV  
  37  4:12  Barracks  
  37  4:16  Siege Tank  
  40  4:20  Raven  
  40  4:21  SCV  
  44  4:24  SCV  
  44  4:32  Supply Depot  
  44  4:34  Refinery, SCV  
  44  4:35  Marine  
  44  4:36  Marine  
  47  4:42  SCV  
  47  4:45  Supply Depot  
  48  4:47  SCV  
  49  4:54  SCV  
  49  4:55  Factory Reactor  
  49  4:58  Marauder  
  49  4:59  SCV  
  53  5:01  Marine x2  
  53  5:03  Starport Reactor  
  53  5:06  SCV, Stimpack  
  56  5:10  Marauder  
  58  5:14  SCV  
  58  5:18  SCV, Combat Shield  
  58  5:20  Marine  
  61  5:21  Marine  
  61  5:27  SCV  
  63  5:29  Engineering Bay  
  63  5:31  SCV  
  63  5:32  Marauder  
  66  5:37  Refinery, Widow Mine  
  68  5:45  SCV  
  68  5:46  Marine  
  70  5:53  Engineering Bay  
  70  5:56  Marine  
  68  5:57  Marine  
  68  6:03  SCV  
  59  6:06  Marine  
  57  6:11  SCV  
  57  6:12  Marine  
  57  6:15  Medivac  
  53  6:25  Marauder, Marine x2  
  43  6:33  Marine  
Tags
 
Add a new tag
Caveats
  • Supply blocks, unpowered buildings, or Contaminate may cause inaccurate times.
  • Supply counts are checked every 10 seconds.